 Dungeon Crawl Stone Soup version 0.30.1-3-gfc49f6343a (webtiles) character file.

Game seed: 3306542625756586189

345 Wiggles the Chopper (level 6, -1/56 HPs)
             Began as a Minotaur Berserker on July 20, 2023.
             Was a Believer of Trog.
             Slain by a gnoll
             ... wielding a +0 halberd
             ... led by a gnoll bouda
              (8 damage)
             ... on level 4 of the Dungeon.
             The game lasted 00:04:12 (2480 turns).

Wiggles the Chopper (Minotaur Berserker)            Turns: 2480, Time: 00:04:12

Health: -1/56      AC: 11    Str: 29    XL:     6   Next: 32%
Magic:  5/5        EV: 10    Int:  4    God:    Trog [**....]
Gold:   44         SH:  0    Dex: 10    Spells: 5/5 levels left

rFire   . . .        r - +1 war axe
rCold   . . .        (no shield)
rNeg    . . .        e - +0 chain mail
rPois   .            (helmet restricted)
rElec   .            (no cloak)
rCorr   .            n - +1 Delatra's gloves {ID++}
SInv    .            (no boots)
Will    .....        (no amulet) Stlth
                     j - +6 ring of strength
HPRegen 0.29/turn    (no ring)
MPRegen 0.09/turn

%: no passive effects
@: weakened, on berserk cooldown, slowed, very slow
A: horns 2, retaliatory headbutt
a: Renounce Religion, Berserk, Trog's Hand


You were on level 4 of the Dungeon.
You worshipped Trog.
Trog was pleased with you.
You visited 1 branch of the dungeon, and saw 4 of its levels.

You collected 182 gold pieces.
You spent 138 gold pieces at shops.

Inventory:

Hand Weapons
 r - a +1 war axe (weapon)
Missiles
 p - 2 throwing nets (quivered)
Armour
 e - a +0 chain mail (worn)
 n - the +1 Delatra's gloves (worn) {ID++}
   (You found it on level 3 of the Dungeon)

   ID++:      It heals its wearer when they drink unknown potions, and restores
   their MP when they read unknown scrolls.
Jewellery
 j - a +6 ring of strength (left hand)
Wands
 l - a wand of quicksilver (5)
Scrolls
 a - a scroll of amnesia {unknown}
 b - 5 scrolls of identify
 d - 4 scrolls of teleportation {unknown}
 g - a scroll of acquirement {unknown}
 h - a scroll of summoning {unknown}
 k - 3 scrolls of fog {unknown}
 q - a scroll of blinking {unknown}
Potions
 c - 2 potions of ambrosia {unknown}
 f - 2 potions of berserk rage {unknown}
 i - 2 potions of might {unknown}
 m - a potion of curing {unknown}
 o - a potion of flight {unknown}


   Skills:
 + Level 5.0 Fighting
 + Level 6.1 Axes
 + Level 0.1 Throwing
 + Level 4.8 Armour
 + Level 3.0 Dodging
 + Level 0.1 Stealth


You had 5 spell levels left.
You didn't know any spells.
Your spell library was empty.

Dungeon Overview and Level Annotations

Branches:
Dungeon (4/15)
 Temple: D:4-7

Altars:

Shops:
D:3 ?


Innate Abilities, Weirdness & Mutations

You have a pair of horns on your head.
You reflexively headbutt those who attack you in melee.


Message History

An orc comes into view. It is wielding a +0 mace.
You slash the gnoll bouda! Your headbutt misses the gnoll bouda.
The gnoll bouda is moderately wounded.
You hit the gnoll.
You kill the gnoll!
Trog accepts your kill.
You hit the gnoll.
Your attacks no longer feel as feeble.
The gnoll hits you from afar with a +0 halberd.
The gnoll closely misses you.
The gnoll bouda gazes fiercely through you!
You feel your attacks grow feeble. The gnoll bouda closely misses you.
A ball python comes into view.
The gnoll hits you from afar with a +0 halberd.
The gnoll barely misses you. The gnoll hits you but does no damage.
The gnoll bouda gazes fiercely through you!
You feel as though you will be weak longer.
The gnoll bouda hits you with a +0 whip.
The ball python hisses angrily.
You hit the gnoll bouda.
The gnoll bouda is heavily wounded.
You closely miss the gnoll.
The gnoll hits you from afar with a +0 halberd.
The gnoll barely misses you.
The gnoll bouda hits you with a +0 whip.
The gnoll closely misses you.
The gnoll hits you from afar with a +0 halberd.
* * * LOW HITPOINT WARNING * * *
You closely miss the gnoll bouda.
The gnoll bouda is heavily wounded.
You hit the orc wizard. You hit the gnoll.
The gnoll bouda hits you with a +0 whip!
* * * LOW HITPOINT WARNING * * *
The gnoll closely misses you. You furiously retaliate!
You headbutt the gnoll!
You kill the gnoll!
Trog accepts your kill. The orc wizard barely misses you.
The gnoll completely misses you.
The gnoll hits you from afar with a +0 halberd!
You die...

.## #### .... ..#
##..####.###
...........
....o.....#
.....g....########
#..g)g..........
###..##@)..###########
.....>.o)#.#........^#
###.###o.#.#..#.#.#..#
#.S#.####.#.##.#
#..#......#...<#
#..############# ....
####


You could see a gnoll bouda, an orc wizard, 2 gnolls, 2 orcs and a ball python.

Vanquished Creatures
  A black bear (D:4)
  An orc priest (D:4)
  A hound (D:4)
  An orc wizard (D:3)
  3 adders
  9 gnolls
  A worm (D:3)
  2 dart slugs (D:1)
  7 orcs (D:3)
  7 ball pythons
  2 endoplasms (D:1)
  2 giant cockroaches
  A goblin (D:3)
  6 hobgoblins
  4 jackals (D:1)
  2 quokkas (D:1)
  A bat (D:3)
  4 frilled lizards
  7 kobolds
  4 rats (D:1)
66 creatures vanquished.

Notes
Turn   | Place    | Note
-------+----------+-------------------------------------------
     0 | D:1      | Wiggles the Minotaur Berserker began the quest for the Orb.
     0 | D:1      | Reached XP level 1. HP: 19/19 MP: 0/0
   251 | D:1      | Reached XP level 2. HP: 19/27 MP: 1/1
   328 | D:1      | Reached skill level 4 in Axes
   490 | D:1      | Reached XP level 3. HP: 34/34 MP: 2/2
   516 | D:1      | Reached ** piety under Trog
  1283 | D:2      | Reached XP level 4. HP: 35/41 MP: 3/3
  1701 | D:3      | Reached skill level 5 in Axes
  1702 | D:3      | Found the +1 Delatra's gloves {ID++}
  2030 | D:3      | Reached XP level 5. HP: 36/47 MP: 4/4
  2168 | D:3      | Found Lokum's Magic Scroll Boutique.
  2178 | D:3      | Bought a scroll of enchant weapon for 90 gold pieces
  2178 | D:3      | Bought a scroll of identify for 24 gold pieces
  2178 | D:3      | Bought a scroll of identify for 24 gold pieces
  2464 | D:4      | Noticed a black bear
  2469 | D:4      | Killed a black bear
  2470 | D:4      | Reached skill level 5 in Fighting
  2470 | D:4      | Reached skill level 6 in Axes
  2470 | D:4      | Reached XP level 6. HP: 56/56 MP: 5/5
  2480 | D:4      | Slain by a gnoll

Illustrated notes

Levels and vault maps discovered:
D:1:      dpeg_arrival_shelter, layout_rooms
D:2:      layout_basic, serial_bayou, serial_bayou_ford_a, serial_bayou_pond_c,
          serial_bayou_pond_e, serial_bayou_pond_e
D:3:      layout_loops_ring, serial_shops, shop, pf_guarded_unrand_delatra
D:4:      layout_basic, serial_glass, glass_columns_a, glass_columns_a,
          item_on_display_a, item_on_display_a, feat_on_display

Skill      XL: |  1  2  3  4  5  6 |
---------------+-------------------+-----
Fighting       | 4 5 |  5.0
Axes           | 4 5 6 |  6.1
Armour         | 3 4 |  4.8
Dodging        | 3 |  3.0
Throwing       | |  0.1
Stealth        | |  0.1

Action                     |  1- 3 |  4- 6 || total
---------------------------+-------+-------++-------
  Melee: Hand axe          |    74 |    48 ||   122
         Headbutt          |     8 |     5 ||    13
         Punch             |       |     2 ||     2
         War axe           |       |    20 ||    20
  Throw: Throwing net      |       |     1 ||     1
 Invoke: Berserk           |     1 |     1 ||     2
    Use: Scroll            |       |     1 ||     1
 Armour: Leather armour    |     2 |       ||     2
         Animal skin       |     1 |       ||     1
         Chain mail        |    41 |    38 ||    79
  Dodge: Dodged            |    49 |    43 ||    92
